 Dungeon Crawl Stone Soup version 0.31.0-11-ge490571c62 (webtiles) character file.

Game seed: 11457527930614205970

87 qw the Shooter (level 4, 0/22 HPs)
             Began as a Spriggan Hunter on Feb 3, 2024.
             Succumbed to their own poison gas
             ... on level 2 of the Dungeon.
             The game lasted 00:00:05 (1747 turns).

qw the Shooter (Spriggan Hunter)                    Turns: 1747, Time: 00:00:05

Health: 0/22       AC:  5    Str:  7    XL:     4   Next: 28%
Magic:  5/5        EV: 19    Int: 10    God:
Gold:   146        SH:  0    Dex: 20    Spells: 3/3 levels left

rFire   . . .        a - +0 shortbow
rCold   . . .        (shield currently unavailable)
rNeg    . . .        c - +0 robe
rPois   .            (helmet restricted)
rElec   .            d - +2 cloak
rCorr   .            (gloves unavailable)
SInv    +            (boots unavailable)
Will    .....        (no amulet)
Stlth   ++           (no ring)
HPRegen 0.23/turn    (no ring)
MPRegen 0.09/turn

%: no passive effects
@: lethally poisoned (0 -> -1), very quick
A: very small, no large weapons, unfitting armour, see invisible, speed 3
a: no special abilities


You were on level 2 of the Dungeon.
You visited 1 branch of the dungeon, and saw 2 of its levels.

You collected 146 gold pieces.


Innate Abilities, Weirdness & Mutations

You are very small and have problems with some larger weapons.
You are too small for most types of armour.
You have supernaturally acute eyesight. (SInv)
You cover ground extremely quickly. (Speed+++)


   Skills:
 - Level 1.5 Fighting
 - Level 5.0 Ranged Weapons
 + Level 4.5 Dodging
 - Level 1.5 Stealth


You had 3 spell levels left.
You didn't know any spells.
Your spell library was empty.

Inventory:

Hand Weapons
 a - a +0 shortbow (weapon)
Armour
 c - a +0 robe (worn)
 d - a +2 cloak (worn)
Scrolls
 g - a scroll of enchant armour
Potions
 i - a potion of curing {unknown}
 j - a potion of invisibility {unknown}

Dungeon Overview and Level Annotations

Branches:
Dungeon (2/15)

Altars:


Message History

1734 ||| IDENTIFYING ruby potion;
f - a potion of brilliance Done exploring.
1735 ||| DROPPING potion of brilliance.
You drop a potion of brilliance.
Done exploring.
What level of the Dungeon? (default 2, ? - help) Sorry, I don't know how to get there.
Enter note:
Enter note:
Enter note:
Enter note:
Enter note:
Enter note:
Enter note:
Enter note:
Enter note: You are engulfed in poison gas.
You are poisoned.
You feel very sick.
1737 ||| Stepping ~*~*~tactically~*~*~ (cloud).
You feel very sick.
You see here a potion of brilliance.
There is a lethal amount of poison in your body!
You feel very sick.
There is a lethal amount of poison in your body!
You feel very sick.
There is a lethal amount of poison in your body!
You feel sick.
There is a lethal amount of poison in your body!
You feel sick.
There is a lethal amount of poison in your body!
You feel sick.
There is a lethal amount of poison in your body!
You feel sick.
There is a lethal amount of poison in your body!
You feel sick.
There is a lethal amount of poison in your body!
You feel sick.
There is a lethal amount of poison in your body!
You feel sick.
There is a lethal amount of poison in your body!
You die...

#.# ###.###.#..#.#.# #.#
#.........#....# #.#
#.#.###.#.#..#.. #.#
#.#...#.#....... #.#
#.###.#.#....... #.#
#.....#......... #.#
#####.#####...#%
#.#######################.
#..0..000@000¤00¤.........
#.########################
###


There were no monsters in sight!

Vanquished Creatures
  2 adders (D:2)
  2 ribbon worms (D:2)
  2 dart slugs (D:1)
  11 ball pythons
  5 endoplasms
  A giant cockroach (D:1)
  4 hobgoblins
  7 jackals
  2 quokkas (D:1)
  3 bats
  2 frilled lizards (D:2)
  5 goblins
  7 kobolds
  4 rats
57 creatures vanquished.

Notes
Turn   | Place    | Note
-------+----------+-------------------------------------------
     0 | D:1      | qw the Spriggan Hunter began the quest for the Orb.
     0 | D:1      | Reached XP level 1. HP: 10/10 MP: 2/2
     0 | D:1      | 0 ||| qw: Version: 0.3-a-155-g5e7d8dd
     0 | D:1      | 0 ||| qw: Game counter: 3082
     0 | D:1      | 0 ||| qw: Melee chars always use a shield: true
     0 | D:1      | 0 ||| qw: God list: Okawaru
     0 | D:1      | 0 ||| qw: Allow faded altars: false
     0 | D:1      | 0 ||| qw: Do Orc after clearing Dungeon:15 true
     0 | D:1      | 0 ||| qw: Do second Lair branch before Depths: true
     0 | D:1      | 0 ||| qw: Lair rune preference: random
     0 | D:1      | 0 ||| qw: Goals: Normal
     0 | D:1      | 0 ||| PLANNING D:1-11
   135 | D:1      | Reached skill level 3 in Dodging
   206 | D:1      | Reached XP level 2. HP: 14/14 MP: 3/3
   607 | D:1      | Reached XP level 3. HP: 11/18 MP: 4/4
   900 | D:1      | 900 ||| UPGRADING to +0 cloak.
   905 | D:1      | 905 ||| READING scroll labelled ELIDIR QATAVO.
  1006 | D:1      | 1006 ||| READING scroll labelled ZAUTAOKKISK.
  1011 | D:1      | 1011 ||| READING 3 scrolls labelled KAIBRO TIDIG.
  1011 | D:1      | 1011 ||| ENCHANTING +0 cloak.
  1012 | D:1      | 1012 ||| READING 2 scrolls of enchant armour.
  1012 | D:1      | 1012 ||| ENCHANTING +1 cloak.
  1013 | D:1      | 1013 ||| DROPPING scroll of butterflies.
  1171 | D:2      | Reached skill level 5 in Ranged Weapons
  1218 | D:2      | Reached XP level 4. HP: 22/22 MP: 5/5
  1524 | D:2      | Found a faded altar of an unknown god.
  1731 | D:2      | 1731 ||| READING scroll labelled RACKON QAHORA.
  1732 | D:2      | 1732 ||| READING scroll labelled WEGHIA ZIWAO.
  1733 | D:2      | 1733 ||| READING scroll labelled PUMPIQOENE.
  1734 | D:2      | 1734 ||| READING scroll labelled BOISSU FUSEATI.
  1734 | D:2      | 1734 ||| IDENTIFYING ruby potion
  1735 | D:2      | 1735 ||| DROPPING potion of brilliance.
  1737 | D:2      | 1737 ||| Stepping ~*~*~tactically~*~*~ (cloud).
  1741 | D:2      | HP: 5/22 [poisoned by you (poison gas)]
  1745 | D:2      | HP: 2/22 [poisoned by you (poison gas)]
  1747 | D:2      | Succumbed to their own poison gas

Levels and vault maps discovered:
D:1:      dpeg_arrival_court, layout_basic, minmay_tromino_v7
D:2:      layout_basic, basic_ecumenical_altar, kennysheep_nub

Skill      XL: |  1  2  3 |
---------------+----------+-----
Dodging        | 3 4 |  4.5
Ranged Weapons | 5 |  5.0
Fighting       | |  1.5
Stealth        | |  1.5

Action                     |  1- 3 |  4- 6 || total
---------------------------+-------+-------++-------
   Fire: Shortbow          |   119 |    20 ||   139
    Use: Scroll            |     4 |     4 ||     8
 Armour: Robe              |    15 |       ||    15
  Dodge: Dodged            |    55 |     2 ||    57

Table legend:
 A = Non-vault XP
 B = Vault XP
 C = Vault XP percentage of total XP
 D = Non-vault monster count
 E = Vault monster count
 F = Vault count percentage of total count
                 A         B        C        D         E       F
            +---------+---------+-------+---------+---------+-------
      Total |     120 |       5 |   4.0 |      54 |       3 |   5.3
            +---------+---------+-------+---------+---------+-------
        D:1 |      52 |       5 |   8.8 |      29 |       3 |   9.4
        D:2 |      68 |       0 |   0.0 |      25 |       0 |   0.0
            +---------+---------+-------+---------+---------+-------
